 Dungeon Crawl Stone Soup version 0.24-a0-252-g5076262 (webtiles) character file.

Game seed: 16468213501745566219

47 Hasart the Cutter (level 3, 0/22 HPs)
             Began as a Kobold Gladiator on Apr 17, 2019.
             Slain by Purgy (3 damage)
             ... in a sewer.
             The game lasted 00:03:03 (1595 turns).

Hasart the Cutter (Kobold Gladiator)                Turns: 1595, Time: 00:03:04

Health: 0/22       AC:  5    Str: 12    XL:     3   Next: 97%
Magic:  3/3        EV: 16    Int:  9    God:
Gold:   37         SH:  0    Dex: 16    Spells: 2/2 levels left

rFire    . . .     SeeInvis .   a - +0 rapier
rCold    . . .     Gourm    .   (shield restricted)
rNeg     . . .     Faith    .   b - +0 leather armour
rPois    .         Spirit   .   c - +0 helmet
rElec    .         Reflect  .   k - +0 cloak
rCorr    .         Harm     .   (no gloves)
MR       .....                  (no boots)
Stlth    ++........             (no amulet)
HPRegen  0.07/turn              (no ring)
MPRegen  0.08/turn              (no ring)

@: flying
A: small, carnivore
a: no special abilities


You were in a sewer.
You were very full.

You visited 1 branch of the dungeon, and saw 3 of its levels.
You also visited: Sewer.

You collected 37 gold pieces.

Inventory:

Hand Weapons
 a - a +0 rapier (weapon)
Armour
 b - a +0 leather armour (worn)
 c - a +0 helmet (worn)
 k - a +0 cloak (worn)
Scrolls
 e - a scroll of fear {unknown}
 i - a scroll of fog {unknown}
 j - a scroll of immolation {unknown}
Comestibles
 f - 4 rations


   Skills:
 + Level 2.6 Fighting
 * Level 4.8 Short Blades
 - Level 2.1 Throwing
 + Level 0.8 Armour
 + Level 4.0 Dodging
 + Level 1.7 Stealth


You had 2 spell levels left.
You didn't know any spells.
Your spell library was empty.

Dungeon Overview and Level Annotations

Branches:
Dungeon (3/15)

Altars:
Dithmenos

Annotations:
Sewer Purgy


Innate Abilities, Weirdness & Mutations

You are small and have problems with some larger weapons.
You are carnivorous and can eat meat at any time.


Message History

Purgy is lightly wounded.
Purgy struggles against the net.
You hit Purgy.
Purgy is lightly wounded.
You hit Purgy.
Purgy is moderately wounded.
Purgy struggles against the net.
The net rips apart, and Purgy comes free!
You hit Purgy but do no damage.
Purgy is moderately wounded.
Purgy clenches his teeth.
Purgy bites you but does no damage. Purgy closely misses you.
Purgy claws you but does no damage.
You hit Purgy.
Purgy is moderately wounded.
Purgy barely misses you. x3
You closely miss Purgy.
Purgy is moderately wounded.
Purgy bites you but does no damage. Purgy claws you.
You die...

#≈≈≈# #######
+.≈≈≈.+
#.≈≈≈.#
#.≈≈≈.#
+.≈≈≈.+
#.≈≈≈.#
#.≈≈≈.####
+@≈≈≈.'..#
#T≈≈≈.####
####.≈≈≈.####
#∩....∩..'.!#
####.≈≈≈.####
#.≈≈≈.#
+.≈≈≈.+
#(≈≈≈.#
#.≈≈≈.#


You could see Purgy.

Vanquished Creatures
  A hound skeleton (D:3)
  An adder (D:2)
  A dart slug (D:1)
  9 bats
  2 giant cockroaches (D:2)
  2 hobgoblins (D:2)
  A ball python (D:2)
  3 frilled lizards
  3 goblins (D:1)
  2 kobolds (D:2)
  3 rats
28 creatures vanquished.

Notes
Turn   | Place    | Note
-------+----------+-------------------------------------------
     0 | D:1      | Hasart the Kobold Gladiator began the quest for the Orb.
     0 | D:1      | Reached XP level 1. HP: 12/12 MP: 1/1
   224 | D:1      | Reached XP level 2. HP: 17/17 MP: 2/2
   234 | D:1      | Reached skill level 1 in Stealth
   320 | D:1      | You fall through a shaft!
   498 | D:2      | Reached XP level 3. HP: 22/22 MP: 3/3
   731 | D:2      | Found a shadowy altar of Dithmenos.
  1494 | D:3      | Found a glowing drain.
  1514 | Sewer    | Entered a sewer
  1561 | Sewer    | Noticed Purgy
  1595 | Sewer    | Slain by Purgy

Levels and vault maps discovered:
D:1:      erik_arrival_blinker_ship, layout_basic
D:2:      layout_basic, lemuel_crystal_altar, chequers_serial_rivers_small_b
D:3:      kennysheep_goblin_castle, layout_basic, cheibrodos_sewer_entry_sluice,
          st_stairs_3
Sewer:    kennysheep_door_sewer

Skill      XL: |  1  2  3 |
---------------+----------+-----
Stealth        | 1 |  1.7
Dodging        | 4 |  4.0
Fighting       | |  2.6
Short Blades   | |  4.8
Throwing       | |  2.1
Armour         | |  0.8

Action                   || total
-------------------------++-------
Melee: Rapier            ||   110
Throw: Throwing net      ||     3
  Use: Potion            ||     2
 Stab: Sleeping          ||     3
  Eat: Chunk             ||    10
Armor: Leather armour    ||    43
Dodge: Dodged            ||   131

Table legend:
 A = Non-vault XP
 B = Vault XP
 C = Vault XP percentage of total XP
 D = Non-vault monster count
 E = Vault monster count
 F = Vault count percentage of total count
                 A         B        C        D         E       F
            +---------+---------+-------+---------+---------+-------
      Total |      65 |       3 |   4.4 |      26 |       2 |   7.1
            +---------+---------+-------+---------+---------+-------
        D:1 |      15 |       0 |   0.0 |       9 |       0 |   0.0
        D:2 |      32 |       0 |   0.0 |      16 |       0 |   0.0
        D:3 |      18 |       3 |  14.3 |       1 |       2 |  66.7
            +---------+---------+-------+---------+---------+-------
